[Event "Titled Tuesday Blitz November 15 Early 2022"]
[White "Buksa, Nataliya"]
[Black "Tsaruk, Maksim"]
[WhiteFideId "14123622"]
[BlackFideId "13511173"]
[WhiteElo "2313"]
[BlackElo "2300"]
[Result "1/2-1/2"]
[Round "09"]
[TimeControl "180+1"]
[Date "2022.11.16"]
[WhiteClock "0:00:03"]
[BlackClock "0:00:07"]

1. d4 Nf6 2. Nc3 d6 3. e4 e5 4. Nf3 Nbd7 5. Bc4 Be7 6. O-O O-O 7. Re1 c6 8. a4 a5 9. h3 h6 10. b3 exd4 11. Nxd4 Ne5 12. Bf1 Ng6 13. f4 Re8 14. Qf3 c5 15. Ndb5 Bd7 16. Bb2 Bc6 17. Rad1 Bf8 18. Bd3 Qe7 19. Qf2 Nh5 20. g3 Nf6 21. Nd5 Bxd5 22. exd5 Qd8 23. Rxe8 Nxe8 24. Re1 Nc7 25. Qe3 Nxd5 26. Qf3 Nb4 27. Qxb7 Qc8 28. Qxc8 Rxc8 29. Bf5 Ra8 30. c4 Ne7 31. Bb1 d5 32. cxd5 Nexd5 33. Rc1 Re8 34. Kf2 Re3 35. Nc3 Re8 36. Nxd5 Nxd5 37. Bd3 h5 38. Bc4 Nb6 39. Bb5 Rd8 40. Ke3 h4 41. gxh4 Kh7 42. Ke2 Be7 43. Bc3 Ra8 44. Rd1 Bxh4 45. Rd6 Nc8 46. Rd7 f6 47. Kf3 Nb6 48. Rd1 c4 49. bxc4 Rc8 50. Bxa5 Nxc4 51. Bb4 Nb2 52. Rd2 Nc4 53. Rd4 Nb6 54. Kg4 Bf2 55. Rd2 Be3 56. Rd3 Bc5 57. Bxc5 Rxc5 58. Rd6 Nc4 59. Rd4 Na3 60. Rb4 Nc2 61. Rb2 Ne3+ 62. Kf3 Nd5 63. Ke4 Nc3+ 64. Kd4 Rc8 65. Kd3 Nd5 66. f5 Nb6 67. Ke4 Ra8 68. Kd4 Nxa4 69. Bxa4 Rxa4+ 70. Kd5 Rf4 71. Ke6 Re4+ 72. Kf7 Re5 73. Rb4 Kh6 74. Rh4+ Kg5 75. Rg4+ Kxf5 76. Kxg7 Re7+ 77. Kh6 Re3 78. Rh4 Rg3 79. Rh5+ Ke4 80. h4 f5 81. Rg5 Rh3 82. h5 f4 83. Rg4 Kf5 84. Rg8 f3 85. Rf8+ Kg4 86. Kg6 Rxh5 87. Rxf3 Rg5+ 88. Kf6 Rh5 89. Ra3 Rh6+ 90. Ke5 Rb6 91. Ke4 Re6+ 92. Kd5 Rf6 93. Kd4 Rf4+ 94. Ke5 Rf5+ 95. Ke6 Rf3 96. Rxf3 Kxf3 1/2-1/2


[Site "https://www.chess.com"]

[Event "Titled Tuesday Blitz November 15 Early 2022"]
[White "Buscar, Michael"]
[Black "Safin, Robert"]
[WhiteFideId "2603616"]
[BlackFideId "34189120"]
[WhiteElo "2010"]
[BlackElo "2253"]
[Result "0-1"]
[Round "09"]
[TimeControl "180+1"]
[Date "2022.11.16"]
[WhiteClock "0:00:45"]
[BlackClock "0:00:42"]

1. d4 Nf6 2. c4 e6 3. Nc3 d5 4. cxd5 exd5 5. Qc2 c5 6. Nf3 Nc6 7. dxc5 Bxc5 8. e3 O-O 9. Na4 Bb4+ 10. Bd2 Qa5 11. a3 Bxd2+ 12. Nxd2 d4 13. b4 Qg5 14. Nf3 Qh6 15. Nxd4 Nxd4 16. exd4 Re8+ 17. Be2 Bd7 18. Nc5 Bb5 19. Nd3 Rac8 20. Qd2 Qxd2+ 21. Kxd2 Ne4+ 22. Kd1 Nc3+ 0-1


[Site "https://www.chess.com"]

[Event "Titled Tuesday Blitz November 15 Early 2022"]
[White "Carroll, Thomas"]
[Black "Ardila, Oscar Humberto"]
[WhiteFideId "450111"]
[BlackFideId "4404742"]
[WhiteElo "1950"]
[BlackElo "1959"]
[Result "1/2-1/2"]
[Round "09"]
[TimeControl "180+1"]
[Date "2022.11.16"]
[WhiteClock "0:00:11"]
[BlackClock "0:00:46"]

1. d4 Nf6 2. Bg5 e6 3. e4 Be7 4. Nd2 d6 5. Bd3 h6 6. Bxf6 Bxf6 7. c3 c5 8. Ngf3 Nc6 9. d5 exd5 10. exd5 Ne5 11. Nxe5 Bxe5 12. Nf3 Bf6 13. O-O O-O 14. Re1 Re8 15. h3 Bd7 16. a4 Rxe1+ 17. Qxe1 Qb6 18. Qd2 Re8 19. a5 Qc7 20. a6 b5 21. Qf4 c4 22. Bf5 Re2 23. Rb1 Bxf5 24. Qxf5 Qb6 25. Qc8+ Kh7 26. Rf1 Rxb2 27. Qb7 Kg6 28. h4 Ra2 29. h5+ Kh7 30. Qxf7 Qxa6 31. Qg6+ Kh8 32. Nd2 Rxd2 33. Re1 Be5 34. Qe8+ Kh7 35. Qg6+ Kh8 36. f4 Qb6+ 37. Kh1 Qf2 38. Qe8+ Kh7 39. Qg6+ Kg8 40. Qe8+ Kh7 41. Qg6+ Kh8 42. Qe8+ Kh7 1/2-1/2


[Site "https://www.chess.com"]

[Event "Titled Tuesday Blitz November 15 Early 2022"]
[White "Chernomordik, Pavel"]
[Black "Salman, Pavel"]
[WhiteFideId "2804530"]
[BlackFideId "24153753"]
[WhiteElo "2192"]
[BlackElo "2187"]
[Result "0-1"]
[Round "09"]
[TimeControl "180+1"]
[Date "2022.11.16"]
[WhiteClock "0:01:17"]
[BlackClock "0:00:55"]

1. e4 d6 2. d4 Nf6 3. Nc3 g6 4. Bg5 Bg7 5. f4 O-O 6. Nf3 h6 7. Bh4 c5 8. dxc5 Qa5 9. Bd3 Qxc5 10. Bf2 Qa5 11. O-O Ng4 12. Bh4 Ne3 13. Qe2 Nxf1 14. Bxe7 Re8 15. Bxd6 Qb6+ 16. Kxf1 Qxd6 17. e5 Qd8 18. Rd1 Bd7 19. f5 Nc6 20. e6 fxe6 21. fxg6 Rf8 22. Kg1 Nd4 23. Nxd4 Bxd4+ 24. Kh1 Bxc3 25. bxc3 Qf6 26. h3 Bc6 27. Qe3 Kg7 28. Rf1 Qg5 29. Qxe6 Qxg2# 0-1


[Site "https://www.chess.com"]

[Event "Titled Tuesday Blitz November 15 Early 2022"]
[White "Concio, Michael Jr."]
[Black "Aaditya Dhingra"]
[WhiteFideId "5217873"]
[BlackFideId "25678191"]
[WhiteElo "2236"]
[BlackElo "2054"]
[Result "1-0"]
[Round "09"]
[TimeControl "180+1"]
[Date "2022.11.16"]
[WhiteClock "0:00:02"]
[BlackClock "0:00:02"]

1. e4 c5 2. Nf3 d6 3. d4 cxd4 4. Nxd4 Nf6 5. Nc3 a6 6. Be2 e5 7. Nb3 Be7 8. Be3 O-O 9. g4 Be6 10. g5 Nfd7 11. Qd2 Nc6 12. O-O-O b5 13. Nd5 Bxd5 14. exd5 Na7 15. f4 exf4 16. Bxf4 Ne5 17. Nd4 Qd7 18. h4 Rac8 19. Kb1 Rc5 20. Nb3 Nc4 21. Qd3 Rc7 22. h5 Rfc8 23. Rdg1 b4 24. g6 Bf6 25. gxf7+ Qxf7 26. Bg4 Nxb2 27. Qxa6 Kh8 28. Be6 Qe8 29. Bxc8 Nxc8 30. Re1 Qd8 31. Qb5 Ne7 32. Re4 h6 33. Rhe1 Qc8 34. Bxd6 Rxc2 35. Bc5 Rg2 36. d6 Nd3 37. Qxd3 Rb2+ 38. Kc1 Rxb3 39. axb3 Qxc5+ 40. Kd1 Nd5 41. Re8# 1-0


[Site "https://www.chess.com"]

[Event "Titled Tuesday Blitz November 15 Early 2022"]
[White "D`Arruda, Ricardo D."]
[Black "Kaidanov, Gregory"]
[WhiteFideId "100692"]
[BlackFideId "2008564"]
[WhiteElo "2490"]
[BlackElo "2619"]
[Result "1-0"]
[Round "09"]
[TimeControl "180+1"]
[Date "2022.11.16"]
[WhiteClock "0:01:39"]
[BlackClock "0:01:47"]

1. d4 d5 2. Nf3 Nf6 3. g3 e6 4. Bg2 Be7 5. O-O O-O 6. c4 c6 7. Nbd2 Nbd7 8. Qc2 b6 9. e4 Bb7 10. b3 Rc8 11. Bb2 c5 12. dxc5 dxe4 13. Ng5 Nxc5 14. Ndxe4 Nfxe4 15. Nxe4 Qd3 16. Qxd3 Nxd3 17. Bc3 f5 18. Nd2 Bxg2 19. Kxg2 e5 20. Rfd1 Rfd8 21. Nf1 Bc5 22. Rd2 b5 23. Ba5 Rd5 24. cxd5 1-0


[Site "https://www.chess.com"]

[Event "Titled Tuesday Blitz November 15 Early 2022"]
[White "Deac, Bogdan-Daniel"]
[Black "Jones, Gawain C B"]
[WhiteFideId "1226380"]
[BlackFideId "409561"]
[WhiteElo "2648"]
[BlackElo "2657"]
[Result "1-0"]
[Round "09"]
[TimeControl "180+1"]
[Date "2022.11.15"]
[WhiteClock "0:00:07"]
[BlackClock "0:00:01"]

1. e4 e5 2. Nf3 Nc6 3. Bb5 a6 4. Bxc6 dxc6 5. Nc3 Bd6 6. d4 exd4 7. Qxd4 f6 8. Be3 Be6 9. O-O-O Ne7 10. Qd2 Qd7 11. Bf4 O-O-O 12. Qe3 Kb8 13. Na4 Ng6 14. Bxd6 cxd6 15. Rd2 Qc7 16. Rhd1 Qa5 17. b3 Kc7 18. Nd4 Rhe8 19. Qg3 Qe5 20. f3 Qxg3 21. hxg3 c5 22. Nxe6+ Rxe6 23. Nxc5 Ree8 24. Na4 h5 25. Nc3 h4 26. Nd5+ Kb8 27. gxh4 Nxh4 28. Rh1 Rh8 29. Ne3 g5 30. Rhd1 Kc7 31. Nd5+ Kb8 32. Nxf6 Rh6 33. Ng4 Rg6 34. Ne3 Kc7 35. Rd5 1-0


[Site "https://www.chess.com"]

[Event "Titled Tuesday Blitz November 15 Early 2022"]
[White "Dehtiarov, Roman"]
[Black "Hajiyev, Kanan"]
[WhiteFideId "14186640"]
[BlackFideId "13404148"]
[WhiteElo "2200"]
[BlackElo "2118"]
[Result "1/2-1/2"]
[Round "09"]
[TimeControl "180+1"]
[Date "2022.11.16"]
[WhiteClock "0:00:11"]
[BlackClock "0:00:17"]

1. e4 c6 2. Nc3 d5 3. Nf3 a6 4. d4 Bg4 5. Be2 e6 6. h3 Bh5 7. O-O Nf6 8. e5 Nfd7 9. Be3 c5 10. Qd2 Nc6 11. g4 Bg6 12. Rad1 cxd4 13. Bxd4 Nxd4 14. Qxd4 Qb6 15. Qxb6 Nxb6 16. Nd4 Bc5 17. Nb3 Rc8 18. Bd3 Bxd3 19. cxd3 Bb4 20. Rc1 Kd7 21. Ne2 Na4 22. Nbd4 Bd2 23. Rxc8 Rxc8 24. Kg2 Nxb2 25. Rb1 Nxd3 26. Rxb7+ Rc7 27. Rb6 Nf4+ 28. Nxf4 Bxf4 29. Rd6+ Kc8 30. Rxa6 Bxe5 31. Nb5 Rb7 32. a4 Kd7 33. Kf3 h6 34. h4 g6 35. h5 gxh5 36. gxh5 Bc7 37. Kg4 Bb6 38. f4 f5+ 39. Kf3 Kc6 40. Nd4+ Kd7 41. Nb5 Rb8 42. Ke2 Rb7 43. Kd3 Bc7 44. Ke3 Bb6+ 45. Kf3 1/2-1/2


[Site "https://www.chess.com"]

[Event "Titled Tuesday Blitz November 15 Early 2022"]
[White "Demin, Vladimir"]
[Black "Leve, Nitai"]
[WhiteFideId "4167457"]
[BlackFideId "2006898"]
[WhiteElo "2572"]
[BlackElo "2144"]
[Result "1-0"]
[Round "09"]
[TimeControl "180+1"]
[Date "2022.11.16"]
[WhiteClock "0:00:53"]
[BlackClock "0:00:10"]

1. d4 d5 2. Nc3 c6 3. e4 dxe4 4. Nxe4 Nf6 5. Nxf6+ gxf6 6. c3 Rg8 7. Qh5 Bg4 8. Qxh7 Rg6 9. Bd3 f5 10. h3 Bd1 11. Kxd1 e6 12. Nf3 Nd7 13. Kc2 Rxg2 14. Rf1 Qa5 15. Bg5 Qd5 16. Qh5 c5 17. c4 Qd6 18. Rae1 cxd4 19. Kb1 Rc8 20. Bxf5 Nc5 21. Ne5 Rc7 22. Ng4 d3 23. Nf6+ Kd8 24. Ne4+ Rxg5 25. Qxg5+ Be7 26. Qg8+ 1-0


[Site "https://www.chess.com"]

[Event "Titled Tuesday Blitz November 15 Early 2022"]
[White "Desideri, Ricardo Maruchi"]
[Black "Pino Perez, Lazaro"]
[WhiteFideId "2110440"]
[BlackFideId "3517055"]
[WhiteElo "1945"]
[BlackElo "2170"]
[Result "0-1"]
[Round "09"]
[TimeControl "180+1"]
[Date "2022.11.16"]
[WhiteClock "0:00:02"]
[BlackClock "0:00:03"]

1. e4 c5 2. Nf3 g6 3. d4 cxd4 4. Nxd4 Nc6 5. Nc3 Bg7 6. Be3 Nf6 7. Bc4 O-O 8. h4 Nxe4 9. Nxe4 d5 10. Nxc6 bxc6 11. Bb3 dxe4 12. c3 a5 13. h5 Qxd1+ 14. Rxd1 a4 15. Bc4 a3 16. hxg6 hxg6 17. bxa3 Bxc3+ 18. Kf1 Ra5 19. Rh4 Bf5 20. g4 Bc8 21. Kg2 Bf6 22. g5 Bxg5 23. Bxg5 Rxg5+ 24. Kf1 Re5 25. Ke2 Bf5 26. Rg1 Kg7 27. Rgh1 Kf6 28. Bb3 Be6 0-1


[Site "https://www.chess.com"]

[Event "Titled Tuesday Blitz November 15 Early 2022"]
[White "Dias, Joao Batista"]
[Black "Kostiukov, Alexandr"]
[WhiteFideId "2108240"]
[BlackFideId "14108100"]
[WhiteElo "1898"]
[BlackElo "2202"]
[Result "1-0"]
[Round "09"]
[TimeControl "180+1"]
[Date "2022.11.16"]
[WhiteClock "0:01:03"]
[BlackClock "0:00:11"]

1. e4 c5 2. Nf3 g6 3. d4 cxd4 4. Qxd4 Nf6 5. e5 Nc6 6. Qe3 Ng4 7. Qe4 Ngxe5 8. Nxe5 Qa5+ 9. Bd2 Qxe5 10. Qxe5 Nxe5 11. Nc3 Nc6 12. O-O-O Bg7 13. h4 O-O 14. h5 d6 15. a3 a6 16. f3 Be6 17. hxg6 hxg6 18. Bd3 Ne5 19. Be2 Nc4 20. Bxc4 Bxc4 21. Bh6 Bxh6+ 22. Rxh6 Kg7 23. Rh4 Be6 24. Rb4 b5 25. a4 bxa4 26. Rxa4 Rfb8 27. b3 a5 28. Ne4 Rb4 29. Rxb4 axb4 30. Rd4 Ra1+ 31. Kb2 Rg1 32. g4 Rf1 33. Nd2 Rf2 34. Kc1 f5 35. gxf5 gxf5 36. Rxb4 Kf6 37. Kd1 Bd5 38. Ke1 Rh2 39. c4 Bf7 40. Rb6 Ke5 41. Rb7 Ke6 42. b4 Rh8 43. b5 Ra8 44. Rc7 Kf6 45. b6 Rb8 46. b7 e5 47. Ke2 Ke6 48. Kd3 Be8 49. Nb3 Bd7 50. Na5 f4 51. Ke4 Ba4 52. Kd3 d5 53. cxd5+ Kxd5 54. Rf7 Ke6 55. Rc7 Kd6 56. Rc8 Bb5+ 57. Kd2 Rxb7 58. Nxb7+ Kd7 59. Rc5 Bc6 60. Na5 Bxf3 61. Rxe5 Kd6 62. Rf5 Bd5 63. Rxf4 Ke5 1-0


[Site "https://www.chess.com"]

[Event "Titled Tuesday Blitz November 15 Early 2022"]
[White "Dilmukhametov, Artur"]
[Black "Orzech, Dominik"]
[WhiteFideId "24179922"]
[BlackFideId "1115065"]
[WhiteElo "2197"]
[BlackElo "2272"]
[Result "0-1"]
[Round "09"]
[TimeControl "180+1"]
[Date "2022.11.16"]
[WhiteClock "0:00:03"]
[BlackClock "0:00:17"]

1. e4 c5 2. Nf3 d6 3. c3 Nf6 4. e5 dxe5 5. Nxe5 a6 6. d4 Nbd7 7. Bf4 Nxe5 8. Bxe5 Bg4 9. Be2 Bxe2 10. Qxe2 e6 11. O-O Be7 12. Nd2 O-O 13. Qf3 cxd4 14. cxd4 Qd5 15. Qxd5 Nxd5 16. Nf3 f6 17. Bg3 Kf7 18. Rac1 Rac8 19. Nd2 Nb4 20. a3 Nc6 21. Nb3 Rfd8 22. Rfd1 Rd5 23. f3 Rcd8 24. Bf2 e5 25. Rc4 g5 26. Kf1 h5 27. h3 h4 28. Ke2 Kg6 29. Ke3 exd4+ 30. Nxd4 Nxd4 31. Rdxd4 Rxd4 32. Rxd4 Bc5 33. Ke4 Bxd4 34. Bxd4 Rd7 35. b4 f5+ 36. Ke5 Rc7 37. Bc5 Rc6 38. f4 a5 39. fxg5 Kxg5 40. Be3+ Kg6 41. Bc5 axb4 42. axb4 Ra6 43. Be7 Ra2 44. Bxh4 Rxg2 45. Bd8 Rd2 46. Bc7 Rd3 47. Kf4 Rd4+ 48. Ke5 Rxb4 49. Kd5 Re4 50. Bb6 Kh5 0-1


[Site "https://www.chess.com"]

[Event "Titled Tuesday Blitz November 15 Early 2022"]
[White "Dudzinski, Pawel"]
[Black "Melian, Juan Sebastian"]
[WhiteFideId "1117890"]
[BlackFideId "3706575"]
[WhiteElo "2086"]
[BlackElo "2044"]
[Result "0-1"]
[Round "09"]
[TimeControl "180+1"]
[Date "2022.11.16"]
[WhiteClock "0:00:01"]
[BlackClock "0:00:35"]

1. e4 c6 2. d4 d5 3. exd5 cxd5 4. Bd3 Nc6 5. c3 e6 6. Bf4 Bd6 7. Ne2 Nge7 8. O-O O-O 9. Nd2 Qc7 10. Bxd6 Qxd6 11. Nf3 f6 12. Qc2 g6 13. Rad1 a6 14. h4 Bd7 15. h5 Kg7 16. g3 Rae8 17. Kg2 e5 18. dxe5 fxe5 19. Ng5 Qf6 20. f4 Bg4 21. hxg6 hxg6 22. Rh1 Rh8 23. Qd2 e4 24. Rxh8 Rxh8 25. Bc2 Nf5 26. Rh1 Bf3+ 27. Nxf3 exf3+ 28. Kxf3 Rxh1 29. Qxd5 Rf1+ 30. Ke4 Qe7+ 31. Kd3 Qe3+ 32. Kc4 Qxe2+ 33. Bd3 Ne3+ 34. Kb3 Qd1+ 0-1


[Site "https://www.chess.com"]

[Event "Titled Tuesday Blitz November 15 Early 2022"]
[White "Durarbayli, Vasif"]
[Black "Tristan, Leonardo"]
[WhiteFideId "13402935"]
[BlackFideId "113816"]
[WhiteElo "2586"]
[BlackElo "2461"]
[Result "0-1"]
[Round "09"]
[TimeControl "180+1"]
[Date "2022.11.15"]
[WhiteClock "0:00:03"]
[BlackClock "0:00:05"]

1. e4 d5 2. exd5 Qxd5 3. Nc3 Qa5 4. d4 Nf6 5. Bc4 Bg4 6. f3 Bd7 7. Ne2 e6 8. O-O Be7 9. Bf4 O-O 10. a3 Rd8 11. Qe1 Qb6 12. Kh1 c5 13. d5 exd5 14. Nxd5 Nxd5 15. Bxd5 Be6 16. Bxe6 Qxe6 17. Nc3 Qxe1 18. Rfxe1 Bf8 19. Bc7 Rd7 20. Re8 Rxc7 21. Rd1 Re7 22. Rdd8 Rxe8 23. Rxe8 f6 24. Nb5 Kf7 25. Rc8 Ke7 26. c4 a6 27. Nc3 b5 28. Nd5+ Kf7 29. Nb6 Ra7 30. Rxb8 Re7 31. Kg1 Re1+ 32. Kf2 Rb1 33. Rb7+ Kg6 34. Nd7 Rxb2+ 35. Ke3 Bd6 36. g4 Bxh2 37. Nf8+ Kh6 38. Ne6 Rb3+ 39. Ke4 bxc4 40. Ra7 Bg1 41. Nxg7 Re3+ 42. Kf4 Re5 43. Nf5+ Rxf5+ 44. Kxf5 c3 45. f4 Be3 46. Rxa6 c2 47. g5+ Kh5 48. Rxf6 Kh4 49. Rh6+ Kg3 50. Rh1 c1=Q 51. Rxc1 Bxc1 52. Ke4 Bxf4 53. a4 Bxg5 54. a5 Bd8 55. a6 Bb6 56. Kd5 c4 0-1


[Site "https://www.chess.com"]

[Event "Titled Tuesday Blitz November 15 Early 2022"]
[White "Ezat, Mohamed"]
[Black "Yuan, Qingyu"]
[WhiteFideId "10600906"]
[BlackFideId "8609772"]
[WhiteElo "2386"]
[BlackElo "2359"]
[Result "0-1"]
[Round "09"]
[TimeControl "180+1"]
[Date "2022.11.16"]
[WhiteClock "0:00:09"]
[BlackClock "0:00:15"]

1. d4 d5 2. c4 e6 3. Nc3 Nf6 4. cxd5 exd5 5. Bg5 c6 6. Qc2 h6 7. Bf4 Bd6 8. Bxd6 Qxd6 9. e3 O-O 10. Bd3 Re8 11. Nf3 Bg4 12. Ne5 Bc8 13. O-O Nbd7 14. f4 b6 15. g4 Nf8 16. h3 N6d7 17. Ne2 Bb7 18. Ng3 c5 19. Bb5 Rec8 20. Nf5 Qe6 21. Qa4 Nf6 22. Bd3 Ne4 23. Bxe4 dxe4 24. Rad1 Rd8 25. Qb3 Bd5 26. Qc2 f6 27. dxc5 fxe5 28. c6 Rac8 29. c7 Rd7 30. Qa4 Rcxc7 31. fxe5 Qxe5 32. Rf4 Ne6 33. Rf2 Kh7 34. Rdf1 Bc4 35. Rc1 Bd3 36. Rc3 Rf7 37. Qd1 Ng5 38. Kg2 Rxc3 39. bxc3 Nf3 40. Ng3 Qxc3 41. g5 Nh4+ 42. Kg1 Rxf2 43. Kxf2 Qc2+ 44. Qxc2 Bxc2 45. gxh6 Kxh6 46. Nf1 Bd3 47. Nd2 Kg5 48. Kg3 Nf5+ 49. Kf2 Kh4 50. Nb3 Bc4 51. Nd2 Bd5 52. Nf1 Kxh3 53. Nd2 g5 54. Nb1 g4 55. Nc3 Bc6 56. Kg1 Nxe3 57. Ne2 Nd5 58. Nf4+ Nxf4 59. a4 e3 60. a5 g3 61. axb6 e2 62. bxa7 Bb7 63. a8=Q e1=Q# 0-1


[Site "https://www.chess.com"]

[Event "Titled Tuesday Blitz November 15 Early 2022"]
[White "Fajdetic, Hrvoje"]
[Black "Simonovic, Miroslav"]
[WhiteFideId "14501945"]
[BlackFideId "919152"]
[WhiteElo "2172"]
[BlackElo "2043"]
[Result "1-0"]
[Round "09"]
[TimeControl "180+1"]
[Date "2022.11.16"]
[WhiteClock "0:00:18"]
[BlackClock "0:00:01"]

1. b3 c5 2. Bb2 Nc6 3. g3 d6 4. Bg2 e5 5. e3 g6 6. Ne2 Bg7 7. d4 Nge7 8. O-O O-O 9. c4 exd4 10. exd4 cxd4 11. Nxd4 d5 12. Nxc6 bxc6 13. Bxg7 Kxg7 14. Qd4+ Kg8 15. Rd1 Be6 16. Nd2 Qb6 17. c5 Qa5 18. b4 Qa4 19. Nf3 a5 20. a3 Rfb8 21. Ng5 Nf5 22. Qf6 Re8 23. Re1 Ng7 24. Nxe6 Rxe6 25. Rxe6 Nxe6 26. Bh3 Re8 27. Re1 axb4 28. Bxe6 fxe6 29. Rxe6 Qd1+ 30. Kg2 Rf8 31. Qb2 bxa3 32. Qxa3 Qd4 33. Qe3 Qxe3 34. Rxe3 Rc8 35. Re7 1-0


[Site "https://www.chess.com"]

[Event "Titled Tuesday Blitz November 15 Early 2022"]
[White "Fernandez Garcia, Gumersindo"]
[Black "Zacurdajev, Dmitry"]
[WhiteFideId "24516740"]
[BlackFideId "4196309"]
[WhiteElo "2140"]
[BlackElo "2179"]
[Result "0-1"]
[Round "09"]
[TimeControl "180+1"]
[Date "2022.11.16"]
[WhiteClock "0:01:36"]
[BlackClock "0:00:09"]

1. Nf3 d5 2. g3 Nf6 3. Bg2 e6 4. O-O Be7 5. c4 O-O 6. d4 dxc4 7. Qc2 a6 8. a4 Nc6 9. Qxc4 Na5 10. Qc2 Bd7 11. Ne5 Bc6 12. Nxc6 Nxc6 13. Bxc6 bxc6 14. e3 Qd5 15. Nc3 Qh5 16. Kg2 c5 17. dxc5 Bxc5 18. Ne4 Qd5 19. Qxc5 Qxe4+ 20. Kg1 Nd7 21. Qd4 Qc6 22. Bd2 Rfd8 23. Bc3 f6 24. Rfd1 Ne5 25. Qf4 Nf3+ 26. Kf1 Nxh2+ 27. Ke2 Rd5 28. Qh4 Nf3 29. Kxf3 Rxd1+ 30. Ke2 Rxa1 31. Bxf6 gxf6 32. Qxf6 Qc4+ 33. Kf3 Qd5+ 34. e4 Qh5+ 35. g4 Qf7 36. g5 Qxf6+ 37. gxf6 Kf7 38. e5 Rxa4 39. Kg3 Rb4 40. f4 Rxb2 41. Kg4 Rg8+ 42. Kf3 Rb3+ 43. Ke4 Rgg3 44. f5 Rge3+ 45. Kf4 Rf3+ 46. Kg5 Rxf5+ 47. Kh6 Rh3# 0-1


[Site "https://www.chess.com"]

[Event "Titled Tuesday Blitz November 15 Early 2022"]
[White "Fiol, Fabrice"]
[Black "Kula, Robert"]
[WhiteFideId "611670"]
[BlackFideId "1101218"]
[WhiteElo "2410"]
[BlackElo "2184"]
[Result "0-1"]
[Round "09"]
[TimeControl "180+1"]
[Date "2022.11.16"]
[WhiteClock "0:00:03"]
[BlackClock "0:00:40"]

1. e4 c5 2. Nf3 Nc6 3. Bb5 g6 4. O-O Bg7 5. c3 a6 6. Ba4 b5 7. Bc2 c4 8. a4 Bb7 9. d3 cxd3 10. Bxd3 bxa4 11. Qxa4 Nf6 12. Re1 O-O 13. e5 Nd5 14. Qh4 Qc7 15. Bh6 Nxe5 16. Nxe5 Bxe5 17. Bxf8 Rxf8 18. Be4 Bf6 19. Qg3 Be5 20. Qh3 Nf4 21. Qf3 d5 22. Bc2 f5 23. Qe3 Bd6 24. Nd2 e5 25. Nf3 d4 26. Bb3+ Kg7 27. cxd4 e4 28. Ng5 h6 29. Qxf4 hxg5 30. Qxg5 Bxh2+ 31. Kf1 Bf4 32. Qh4 Rh8 33. Qxh8+ Kxh8 34. g3 Bxg3 35. Rac1 Qf4 36. Re2 Qxc1+ 37. Kg2 Bd6 38. f3 exf3+ 0-1


[Site "https://www.chess.com"]

[Event "Titled Tuesday Blitz November 15 Early 2022"]
[White "Firouzja, Alireza"]
[Black "Alekseenko, Kirill"]
[WhiteFideId "12573981"]
[BlackFideId "4135539"]
[WhiteElo "2903"]
[BlackElo "2682"]
[Result "1-0"]
[Round "09"]
[TimeControl "180+1"]
[Date "2022.11.15"]
[WhiteClock "0:00:12"]
[BlackClock "0:00:08"]

1. d4 d5 2. Bg5 Nf6 3. e3 c5 4. Bxf6 gxf6 5. dxc5 e6 6. c4 dxc4 7. Nd2 Bxc5 8. Bxc4 Nc6 9. Ngf3 O-O 10. O-O Be7 11. Qe2 Kh8 12. Rfd1 Qc7 13. Rac1 Bd7 14. Nf1 Rad8 15. Ng3 Bc8 16. Bd3 Rg8 17. Nd4 f5 18. Nxc6 bxc6 19. Qc2 Bb7 20. Qc3+ f6 21. Bc4 Rxd1+ 22. Rxd1 Bc8 23. Ne2 Rd8 24. Rc1 e5 25. Ng3 Qb6 26. Qc2 Qb4 27. Bf1 c5 28. a3 Qd2 29. Qb1 e4 30. Nh5 Be6 31. g3 a5 32. Nf4 Bb3 33. Bc4 Bxc4 34. Rxc4 Qd1+ 35. Qxd1 Rxd1+ 36. Kg2 Rd2 37. Ra4 Rxb2 38. Rxa5 c4 39. Ra7 Bc5 40. Ra8+ Kg7 41. Ne6+ Kh6 42. Nxc5 c3 43. Na4 Rb3 44. Rc8 Rxa3 45. Nxc3 1-0


[Site "https://www.chess.com"]

[Event "Titled Tuesday Blitz November 15 Early 2022"]
[White "Gabrielian, Artur"]
[Black "Xiong, Jeffery"]
[WhiteFideId "4131002"]
[BlackFideId "2047640"]
[WhiteElo "2432"]
[BlackElo "2725"]
[Result "1/2-1/2"]
[Round "09"]
[TimeControl "180+1"]
[Date "2022.11.15"]
[WhiteClock "0:00:04"]
[BlackClock "0:00:02"]

1. e4 c5 2. Nf3 d6 3. d4 cxd4 4. Nxd4 Nf6 5. Nc3 a6 6. Bd3 e5 7. Nde2 Be6 8. O-O Nc6 9. Ng3 h5 10. h3 h4 11. Nge2 Be7 12. Bg5 Nh5 13. Bxe7 Qxe7 14. Nd5 Qd8 15. Nec3 g5 16. Be2 Nf4 17. Bg4 Nd4 18. Ne3 Rc8 19. a4 Qb6 20. Rb1 Qc5 21. Kh1 b5 22. axb5 axb5 23. Ncd5 f5 24. Nxf4 gxf4 25. Nxf5 Bxf5 26. Bxf5 Nxf5 27. exf5 Rg8 28. Qh5+ Kd7 29. Ra1 Qd5 30. Qh7+ Kc6 31. Ra6+ Kc5 32. Qa7+ Kb4 33. c3+ Kb3 34. f3 Qd2 35. Ra3+ Kc4 36. Rf2 Qe3 37. Qf7+ d5 38. Rf1 Qe2 39. Rg1 Qxb2 40. Ra7 Rgd8 41. Rc7+ Kb3 42. Rxc8 Rxc8 43. Qxd5+ Ka4 44. Qxe5 Qxc3 45. Qxf4+ Rc4 46. Qg5 b4 47. f6 b3 48. f7 Rc8 49. Qe7 Qh8 50. Qd7+ Kb4 51. Qb7+ Ka4 52. Qd7+ Kb4 53. Re1 b2 54. Qb7+ Kc3 55. Qe4 Qd4 56. Qb7 Kd2 57. Rf1 Rc1 58. Qa6 Rxf1+ 59. Qxf1 Qf4 60. Qf2+ Kc1 61. Qc5+ Kd2 62. Qf2+ Kc3 63. Qc5+ Kd3 64. Qb5+ Kc2 65. Qc5+ Kb3 66. Qb5+ Kc3 67. Qc5+ Kd3 68. Qb5+ Kc2 69. Qc5+ Kd2 70. Qb5 Kc2 1/2-1/2


[Site "https://www.chess.com"]

[Event "Titled Tuesday Blitz November 15 Early 2022"]
[White "Garv Gaur"]
[Black "Fernandez Siles, Luis"]
[WhiteFideId "45030839"]
[BlackFideId "2209420"]
[WhiteElo "1960"]
[BlackElo "2186"]
[Result "0-1"]
[Round "09"]
[TimeControl "180+1"]
[Date "2022.11.16"]
[WhiteClock "0:00:15"]
[BlackClock "0:00:11"]

1. d4 Nf6 2. Nf3 g6 3. c4 Bg7 4. g3 O-O 5. Bg2 d6 6. O-O c6 7. Nc3 Qa5 8. h3 e5 9. e4 exd4 10. Nxd4 Qc5 11. Bf4 Ne8 12. Nb3 Qxc4 13. Bxd6 Nxd6 14. Qxd6 Bxc3 15. bxc3 Qxc3 16. e5 Na6 17. Qf6 Re8 18. Rac1 Qxe5 19. Qf3 Be6 20. Rfe1 Qf5 21. Qc3 Bxb3 22. axb3 Nc7 23. Rcd1 Rad8 24. g4 Qf4 25. Qa5 Rxd1 26. Rxd1 Nb5 27. Qa1 Qe5 28. Qc1 Nc3 29. Rd2 Ne2+ 30. Rxe2 Qxe2 31. Bf1 Qe5 32. Qh6 Qf6 33. h4 Re1 34. Qd2 Qa1 35. Qd3 Qe5 36. h5 gxh5 37. Qd8+ Kg7 38. g5 Qe7 39. Qd4+ Qe5 40. Qd8 h4 41. Qd2 h3 42. f4 Qe3+ 43. Qxe3 Rxe3 44. Kf2 Rxb3 45. f5 Rb2+ 46. Kg3 h2 47. Bg2 Rxg2+ 48. Kxg2 a5 49. Kxh2 a4 50. Kg3 a3 51. Kh4 a2 52. Kh5 a1=Q 53. f6+ Kg8 54. Kh6 Qh1# 0-1


[Site "https://www.chess.com"]

[Event "Titled Tuesday Blitz November 15 Early 2022"]
[White "Georg, Heinz"]
[Black "Ahn, Hongjin"]
[WhiteFideId "4607295"]
[BlackFideId "13201492"]
[WhiteElo "2339"]
[BlackElo "2182"]
[Result "1-0"]
[Round "09"]
[TimeControl "180+1"]
[Date "2022.11.16"]
[WhiteClock "0:00:13"]
[BlackClock "0:00:02"]

1. e4 c5 2. Nf3 Nf6 3. e5 Nd5 4. c4 Nc7 5. Nc3 Nc6 6. Bd3 g6 7. O-O Bg7 8. Re1 O-O 9. Nd5 b6 10. Qe2 Bb7 11. a3 Ne6 12. b3 Ncd4 13. Nxd4 Nxd4 14. Qd1 e6 15. Nc3 Qg5 16. Be4 Bxe4 17. Rxe4 Bxe5 18. d3 Qf5 19. f4 Nf3+ 20. Qxf3 Bxc3 21. Ra2 d5 22. Ree2 dxc4 23. dxc4 Bd4+ 24. Kh1 Rad8 25. g4 Qf6 26. g5 Qf5 27. Rad2 Qb1 28. Rd1 Be3 29. Rxe3 Qc2 30. Rde1 Rd4 31. R3e2 Qf5 32. Re5 Qc2 33. R5e2 Qf5 34. Re4 Rd7 35. Bb2 Rfd8 36. Qc3 Rd4 37. Rxd4 cxd4 38. Qf3 Qa5 39. b4 Qa6 40. Rc1 Qc8 41. Qe4 Qd7 42. Rd1 d3 43. Qe5 Kf8 44. c5 Qc6+ 45. Kg1 d2 46. Qh8+ Ke7 47. Bf6+ Kd7 48. Qxd8# 1-0


[Site "https://www.chess.com"]